 Dungeon Crawl Stone Soup version 0.28.0-43-g3370ac3207 (webtiles) character file.

Game seed: 16067453433454396273

220 jimonade the Covert (level 5, -6/43 HPs)
             Began as a Gnoll Wanderer on Mar 13, 2022.
             Was an Initiate of Ashenzari.
             Mangled by an iron imp (7 damage)
             ... summoned by Natasha
             ... on level 3 of the Dungeon.
             The game lasted 00:11:09 (3293 turns).

jimonade the Covert (Gnoll Wanderer)                Turns: 3293, Time: 00:11:09

Health: -6/43      AC:  9    Str: 14    XL:     5   Next: 97%
Magic:  12/12      EV:  9    Int: 12    God:    Ashenzari [......]
Gold:   62         SH:  0    Dex: 10    Spells: 13/14 levels left

rFire   . . .      SeeInvis .   a - +3 dagger
rCold   . . .      Faith    .   (no shield)
rNeg    . . .      Spirit   .   c - +0 scale mail
rPois   .          Reflect  .   (no helmet)
rElec   .          Harm     .   (no cloak)
rCorr   .          Rampage  .   l - +0 pair of gloves
Will    .....                   d - +0 pair of boots
Stlth   ++........              (no amulet)
HPRegen 0.14/turn               k - ring of wizardry
MPRegen 0.13/turn               (no ring)

@: no status effects
A: fangs 1, strong nose, distributed training
a: Renounce Religion


You were on level 3 of the Dungeon.
You worshipped Ashenzari.
Ashenzari was noncommittal.
You visited 1 branch of the dungeon, and saw 3 of its levels.

You collected 116 gold pieces.
You spent 54 gold pieces at shops.

Inventory:

Hand Weapons
 a - a +3 dagger (weapon)
 s - a +0 shortbow
Missiles
 e - 47 stones (quivered)
 g - 21 bolts
 t - 25 arrows
Armour
 c - a +0 scale mail (worn)
 d - a +0 pair of boots (worn)
 i - a +0 leather armour
 l - a +0 pair of gloves (worn)
 o - a +0 robe
Jewellery
 k - a ring of wizardry (left hand)
Scrolls
 q - a scroll of noise {unknown}
Potions
 b - 2 potions of heal wounds
 f - a potion of resistance
 r - a potion of brilliance


   Skills:
 + Level 4.9 Fighting
 + Level 1.7 Short Blades
 + Level 1.7 Long Blades
 + Level 1.7 Axes
 + Level 1.7 Maces & Flails
 + Level 1.7 Polearms
 + Level 1.7 Staves
 + Level 1.7 Slings
 + Level 1.7 Bows
 + Level 1.7 Crossbows
 + Level 1.7 Throwing
 + Level 3.1 Armour
 + Level 1.7 Dodging
 + Level 8.0 Stealth
 + Level 1.7 Shields
 + Level 1.7 Unarmed Combat
 + Level 5.2 Spellcasting
 + Level 1.3 Conjurations
 + Level 1.3 Hexes
 + Level 1.3 Summonings
 + Level 1.3 Necromancy
 + Level 2.5 Translocations
 + Level 1.3 Transmutations
 + Level 1.3 Fire Magic
 + Level 1.3 Ice Magic
 + Level 1.3 Air Magic
 + Level 1.3 Earth Magic
 + Level 1.3 Poison Magic
 + Level 1.9 Invocations
 + Level 1.7 Evocations


You had 13 spell levels left.
You knew the following spells:

 Your Spells              Type           Power      Damage    Failure   Level
a - Apportation           Tloc           18%        N/A       12%         1

Your spell library contained the following spells:

 Spells                   Type           Power      Damage    Failure   Level
 Teleport Other           Tloc           9%         N/A       32%         3


Dungeon Overview and Level Annotations

Branches:
Dungeon (3/15)

Altars:
Ashenzari

Shops:
D:3 [

Annotations:
D:3 Natasha


Innate Abilities, Weirdness & Mutations

You have very sharp teeth.
Your uncanny sense of smell can sniff out nearby items.
Your experience applies equally to all skills.


Message History

Natasha is heavily wounded.
The white imp disappears for a moment.
The white imp gestures at you. The puff of frost hits you! Natasha claws you.
You miss Natasha. You bite Natasha, but do no damage.
Natasha is heavily wounded.
The crimson imp barely misses you. The crimson imp hits you.
Natasha mumbles some strange words.
Natasha shimmers violently.
The white imp misses you.
There is a stone staircase leading down here.
The crimson imp blinks!
The crimson imp shouts, "Leave, thou pecksniffian elf-skinned clotpole!"
You closely miss Natasha. You bite Natasha, but do no damage.
Natasha is moderately wounded.
Natasha claws you!
You hit Natasha.
Natasha is heavily wounded.
The crimson imp blinks!
Natasha claws you but does no damage.
You hit Natasha.
Natasha is severely wounded.
Natasha closely misses you.
You closely miss Natasha.
Natasha is severely wounded.
Natasha mumbles some strange words.
You closely miss Natasha.
Natasha is severely wounded.
The white imp disappears in a puff of smoke!
Natasha claws you!
You closely miss Natasha. Your bite misses Natasha.
Natasha is severely wounded.
The iron imp hits you!
* * * LOW HITPOINT WARNING * * *
Natasha claws you!
* * * LOW HITPOINT WARNING * * *
You barely miss Natasha.
Natasha is severely wounded.
Natasha closely misses you. The iron imp hits you!
You die...

#.# #.# #.# #.#
#.# #.# ######.#
#.# #......# #.#
#.###### #.# #.#
#.# #5# #.##
#@######## #...
#.h§..5..######...
#######.......#..#
#..#........
#..#.####### #..#
#..# ...# ##.#


You could see an iron imp (summoned), Natasha (strong) and a crimson imp
(summoned).

Vanquished Creatures
  A centaur (D:3)
  Natasha (D:3)
  An orc wizard (D:2)
  4 adders
  A dart slug (D:1)
  4 orcs (D:2)
  4 bats
  4 endoplasms (D:2)
  2 giant cockroaches
  5 goblins
  2 hobgoblins
  A quokka (D:2)
  4 ball pythons
  2 frilled lizards
  6 kobolds
  6 rats
48 creatures vanquished.

Notes
Turn   | Place    | Note
-------+----------+-------------------------------------------
     0 | D:1      | jimonade the Gnoll Wanderer began the quest for the Orb.
     0 | D:1      | jimonade set off with the following items: a +2 dagger, a
                  | potion of heal wounds, a +0 scale mail; and the following
                  | spell memorised: Apportation; and the following spells
                  | available to memorise: Teleport Other
     0 | D:1      | Reached XP level 1. HP: 20/20 MP: 6/6
   175 | D:1      | Reached XP level 2. HP: 13/26 MP: 7/7
   342 | D:1      | Found a faded altar of an unknown god.
  1212 | D:2      | Reached XP level 3. HP: 31/31 MP: 9/9
  1321 | D:2      | Reached skill level 5 in Spellcasting
  1485 | D:2      | Reached skill level 1 in Invocations
  1697 | D:2      | Reached skill level 1 in Short Blades
  1697 | D:2      | Reached skill level 1 in Long Blades
  1697 | D:2      | Reached skill level 1 in Axes
  1697 | D:2      | Reached skill level 1 in Maces & Flails
  1697 | D:2      | Reached skill level 1 in Polearms
  1697 | D:2      | Reached skill level 1 in Staves
  1697 | D:2      | Reached skill level 1 in Slings
  1697 | D:2      | Reached skill level 1 in Bows
  1697 | D:2      | Reached skill level 1 in Crossbows
  1697 | D:2      | Reached skill level 1 in Throwing
  1697 | D:2      | Reached skill level 1 in Dodging
  1697 | D:2      | Reached skill level 1 in Shields
  1697 | D:2      | Reached skill level 1 in Unarmed Combat
  1697 | D:2      | Reached skill level 1 in Evocations
  1790 | D:2      | Reached XP level 4. HP: 21/38 MP: 11/11
  2381 | D:3      | Noticed a centaur
  2459 | D:3      | Noticed Natasha
  2478 | D:3      | Killed Natasha
  2479 | D:3      | Reached skill level 1 in Conjurations
  2479 | D:3      | Reached skill level 1 in Hexes
  2479 | D:3      | Reached skill level 1 in Summonings
  2479 | D:3      | Reached skill level 1 in Necromancy
  2479 | D:3      | Reached skill level 1 in Transmutations
  2479 | D:3      | Reached skill level 1 in Fire Magic
  2479 | D:3      | Reached skill level 1 in Ice Magic
  2479 | D:3      | Reached skill level 1 in Air Magic
  2479 | D:3      | Reached skill level 1 in Earth Magic
  2479 | D:3      | Reached skill level 1 in Poison Magic
  2676 | D:3      | Found a broken altar of Ashenzari.
  2686 | D:3      | Became a worshipper of Ashenzari the Shackled
  2758 | D:3      | Killed a centaur
  2759 | D:3      | Reached XP level 5. HP: 19/43 MP: 12/12
  3097 | D:3      | Reached skill level 8 in Stealth
  3143 | D:3      | Found Wuchagij's Armour Shoppe.
  3174 | D:3      | Bought a +0 pair of boots for 54 gold pieces
  3249 | D:3      | Noticed Natasha
  3292 | D:3      | HP: 1/43 [Natasha (7)]
  3293 | D:3      | Mangled by an iron imp

Illustrated notes

Levels and vault maps discovered:
D:1:      minmay_arrival_four_houses, layout_loops_ring,
          hellmonk_ecumenical_altar_blasted
D:2:      layout_basic, kennysheep_generic_room_12
D:3:      layout_loops_ring, cheibrodos_ashenzari_chains, serial_shops,
          nicolae_square_shop, nicolae_underground_beach, uniq_natasha

Skill      XL: |  1  2  3  4  5 |
---------------+----------------+-----
Translocations | 2 |  2.5
Spellcasting   | 5 |  5.2
Invocations    | 1 |  1.9
Short Blades   | 1 |  1.7
Long Blades    | 1 |  1.7
Axes           | 1 |  1.7
Maces & Flails | 1 |  1.7
Polearms       | 1 |  1.7
Staves         | 1 |  1.7
Slings         | 1 |  1.7
Bows           | 1 |  1.7
Crossbows      | 1 |  1.7
Throwing       | 1 |  1.7
Dodging        | 1 |  1.7
Shields        | 1 |  1.7
Unarmed Combat | 1 |  1.7
Evocations     | 1 |  1.7
Conjurations   | 1 |  1.3
Hexes          | 1 |  1.3
Summonings     | 1 |  1.3
Necromancy     | 1 |  1.3
Transmutations | 1 |  1.3
Fire Magic     | 1 |  1.3
Ice Magic      | 1 |  1.3
Air Magic      | 1 |  1.3
Earth Magic    | 1 |  1.3
Poison Magic   | 1 |  1.3
Armour         | 3 |  3.1
Stealth        | 8 |  8.0
Fighting       | |  4.9

Action                   |  1- 3 |  4- 6 || total
-------------------------+-------+-------++-------
Melee: Dagger            |   107 |    93 ||   200
       Bite              |     6 |     7 ||    13
       Punch             |       |     2 ||     2
Throw: Stone             |     3 |       ||     3
  Use: Scroll            |       |     7 ||     7
 Stab: Sleeping          |     4 |     2 ||     6
       Distracted        |     1 |       ||     1
Armor: Scale mail        |    35 |    47 ||    82
Dodge: Dodged            |    43 |    47 ||    90
